 Dungeon Crawl Stone Soup version 0.29-a0-483-g69413ace17 (webtiles) character file.

Game seed: 11633516286041470717

114 porpoise the Shooter (level 4, 0/52 HPs)
             Began as a Barachi Arcane Marksman on May 26, 2022.
             Slain by an orc
             ... wielding a +0 war axe
              (3 damage)
             ... on level 3 of the Dungeon.
             The game lasted 00:04:16 (1547 turns).

porpoise the Shooter (Barachi Arcane Marksman)      Turns: 1547, Time: 00:04:17

Health: 0/52       AC:  6    Str: 12    XL:     4   Next: 97%
Magic:  3/5        EV: 12    Int: 13    God:
Gold:   50         SH:  0    Dex: 14    Spells: 4/5 levels left

rFire   . . .      SeeInvis .   (no weapon)
rCold   . . .      Faith    .   (no shield)
rNeg    . . .      Spirit   .   s - +2 robe {Will+}
rPois   .          Reflect  .   b - +1 hat
rElec   .          Harm     .   (no cloak)
rCorr   .          Rampage  .   e - +0 pair of gloves
Will    +....                   (no boots)
Stlth   ..........              (no amulet)
HPRegen 0.17/turn               (no ring)
MPRegen 0.09/turn               (no ring)

@: berserking (expiring), quick
A: amphibious, slowness 1, strong legs 1, +LOS
a: Hop


You were on level 3 of the Dungeon.
You visited 1 branch of the dungeon, and saw 3 of its levels.

You collected 50 gold pieces.

Inventory:

Hand Weapons
 a - a +0 shortbow
Missiles
 f - 15 poisoned darts
Armour
 b - a +1 hat (worn)
 e - a +0 pair of gloves (worn)
 s - a +2 robe of willpower (worn)
Scrolls
 c - a scroll of vulnerability
 g - a scroll of enchant weapon {unknown}
 i - a scroll of immolation {unknown}
 k - a scroll of noise {unknown}
 n - 2 scrolls of amnesia {unknown}
 o - a scroll of identify {unknown}
Potions
 d - a potion of haste {unknown}
 h - 2 potions of might {unknown}
 j - a potion of brilliance {unknown}
 l - a potion of lignification {unknown}
 m - a potion of berserk rage
 p - a potion of attraction {unknown}
 q - a potion of heal wounds {unknown}
 r - a potion of curing {unknown}


   Skills:
 + Level 3.2 Fighting
 * Level 4.2 Bows
 - Level 2.1 Dodging
 - Level 1.1 Spellcasting
 - Level 3.2 Hexes


You had 4 spell levels left.
You knew the following spells:

 Your Spells              Type           Power      Damage    Failure   Level
a - Slow                  Hex            36%        N/A       8%          1

Your spell library contained the following spells:

 Spells                   Type           Power      Damage    Failure   Level
 Ensorcelled Hibernation  Hex/Ice        8%         N/A       22%         2
 Confusing Touch          Hex            9%         N/A       22%         3
 Passwall                 Tmut/Erth      0%         N/A       38%         2
 Static Discharge         Conj/Air       0%         N/A       38%         2
 Inner Flame              Hex/Fire       4%         N/A       38%         3
 Portal Projectile        Hex/Tloc       8%         N/A       38%         3
 Cause Fear               Hex            4%         N/A       58%         4
 Swiftness                Air            0%         N/A       63%         3
 Vampiric Draining        Necr           0%         2d6       63%         3
 Lightning Bolt           Conj/Air       0%         1d11      100%        5
 Maxwell's Capacitive Co  Air            0%         ∞         100%        8


Dungeon Overview and Level Annotations

Branches:
Dungeon (3/15)

Altars:


Innate Abilities, Weirdness & Mutations

You are amphibious.
You cover ground slowly.
You can hop short distances.
You have an extended range of vision and can be seen from far away.


Message History

Aim: an orc priest, wielding a +0 trident (heavily wounded, chance to affect: 47%)
The orc seems to slow down.
An adder comes into view.
The orc priest closely misses you.
Aiming: Slow (safe; 8% risk of failure)
Press: ? - help, Q - select action, (/) - cycle Shift-Dir - straight line, f/p - orc priest
Aim: an orc priest, wielding a +0 trident (heavily wounded, chance to affect: 47%)
The orc priest resists with some effort.
The adder hisses angrily.
The orc priest hits you from afar with a +0 trident.
* * * LOW HITPOINT WARNING * * *
The orc hits you with a +0 war axe.
* * * LOW HITPOINT WARNING * * *
It was a potion of berserk rage.
A red film seems to cover your vision as you go berserk!
You feel yourself moving faster!
You feel mighty!
The orc priest hits you but does no damage.
Okay, then.
Unknown command.
You are now empty-handed.
You feel a strong urge to attack something.
The orc hits you but does no damage.
The orc priest calls down the wrath of Beogh upon you.
Pain shoots through your body!
* * * LOW HITPOINT WARNING * * *
Things that are here:
a +0 flail; an orc corpse You punch the orc priest!
You kill the orc priest!
The orc hits you with a +0 war axe.
* * * LOW HITPOINT WARNING * * *
Your Bows skill increases to level 4!
You completely miss the orc.
The orc is moderately wounded.
You closely miss the orc.
The orc is moderately wounded.
The adder bites you.
* * * LOW HITPOINT WARNING * * *
The orc hits you with a +0 war axe.
You die...

oo.....♣≈♣≈≈≈.P.
#...P..♣≈≈≈≈≈≈...
#...P..≈≈≈≈♣♣P...
#......≈≈♣♣≈.. ..
#P....♣≈...P
$..P.....P..
..#.######........#.#
##.......!......##..
.....).S@...........
#........o......##
.......#.#......#
..####.#.#......# #
#.#.#<#### .........#
....##.### ....+...
....##..


You could see an adder and an orc (slow).

Vanquished Creatures
  An orc priest (D:3)
  3 adders (D:2)
  A worm (D:2)
  3 dart slugs
  2 orcs (D:3)
  3 ball pythons (D:1)
  5 bats
  8 endoplasms
  4 giant cockroaches
  2 goblins
  4 hobgoblins
  5 frilled lizards
  2 kobolds
  2 rats (D:1)
45 creatures vanquished.

Vanquished Creatures (others)
  3 plants (D:1)
3 creatures vanquished.

Grand Total: 48 creatures vanquished

Notes
Turn   | Place    | Note
-------+----------+-------------------------------------------
     0 | D:1      | porpoise the Barachi Arcane Marksman began the quest for
                  | the Orb.
     0 | D:1      | Reached XP level 1. HP: 15/15 MP: 2/2
   113 | D:1      | Reached XP level 2. HP: 22/22 MP: 3/3
   274 | D:1      | Reached skill level 3 in Bows
   295 | D:1      | Reached XP level 3. HP: 27/27 MP: 4/4
   871 | D:2      | Reached XP level 4. HP: 28/34 MP: 5/5
  1459 | D:2      | Found a faded altar of an unknown god.
  1546 | D:3      | Reached skill level 4 in Bows
  1547 | D:3      | Slain by an orc

Illustrated notes

Levels and vault maps discovered:
D:1:      dpeg_arrival_tiny_a, layout_loops_ring, serial_bayou,
          serial_bayou_pond_d, serial_bayou_pond_b, serial_bayou_lagoon_a,
          serial_bayou_lake_a, minmay_crystal_water, grunt_decor_cap
D:2:      layout_loops_ring, dreamdust_ecumenical_altar_hidden_monk_grotto
D:3:      layout_basic, serial_bayou_pond_a, hex_tiny,
          chequers_serial_rivers_small_b, uniq_grinder, uniq_terence,
          uniq_crazy_yiuf_cottage

Skill      XL: |  1  2  3  4 |
---------------+-------------+-----
Fighting       | 2 3 |  3.2
Bows           | 3 4 |  4.2
Dodging        | |  2.1
Spellcasting   | |  1.1
Hexes          | |  3.2

Action                   |  1- 3 |  4- 6 || total
-------------------------+-------+-------++-------
Melee: Unarmed           |       |     3 ||     3
 Fire: Shortbow          |    88 |    43 ||   131
 Cast: Slow              |       |     2 ||     2
  Use: Potion            |       |     1 ||     1
Armor: Robe              |     6 |    13 ||    19
Dodge: Dodged            |    30 |    16 ||    46

Table legend: (Time is in decaauts)
 A = Elapsed time spent in this place.
 B = Non-inter-level travel time spent in this place.
 C = Inter-level travel time spent in this place.
 D = Time resting spent in this place.
 E = Time spent auto-exploring this place.
 F = Levels seen in this place.
 G = Mean time per level.
                   A        B        C        D        E       F      G
               +--------+--------+--------+--------+--------+-----+--------+
         Total |   1824 |   1748 |     76 |     14 |   1407 |   3 |  608.0 |
       Dungeon |   1824 |   1748 |     76 |     14 |   1407 |   3 |  608.0 |
               +--------+--------+--------+--------+--------+-----+--------+

Top non-repeatable levels by time:
     D:2: 914 daAuts
     D:1: 879 daAuts
     D:3: 30 daAuts
